Map: Dusk Towers

Players

Lambo

  • Race: Zerg Zerg
  • League: Grandmaster

Basior - Winner!

  • Race: Terran Terran
  • League: Master

Event: DreamHack ZOWIE Open Leipzig

VOD

Have the link to the VOD?

Description

Time

  • Played on: Jan. 22, 2016, 8:35 a.m.
  • Length: 7:47

All games in this series

Show
View Real Time Build Order
Export as new Build Order

Lambo Zerg 

Build Orders: Hatch First, Zergling Baneling 

Get SALT Encoding   

  12  0:01  Drone  
  13  0:12  Overlord  
  13  0:17  Drone  
  14  0:31  Drone x2  
  14  0:34  Drone  
  17  0:52  Hatchery  
  17  0:55  Drone  
  17  0:58  Drone  
  18  1:09  Extractor  
  17  1:12  Spawning Pool  
  17  1:15  Drone  
  17  1:19  Drone  
  18  1:28  Drone  
  19  1:38  Overlord  
  19  1:50  Drone  
  20  1:59  Queen  
  20  2:00  Zergling x2  
  23  2:06  Queen  
  23  2:07  Drone  
  26  2:09  Metabolic Boost  
  26  2:11  Drone  
  27  2:20  Drone  
  28  2:23  Drone  
  29  2:35  Hatchery  
  28  2:38  Drone  
  28  2:40  Drone  
  30  2:47  Queen  
  32  2:52  Overlord  
  32  2:54  Zergling x2  
  32  2:57  Zergling x2  
  34  2:59  Drone  
  34  3:01  Drone  
  36  3:11  Zergling x4  
  38  3:18  Drone x2  
  39  3:20  Overlord  
  39  3:23  Queen  
  39  3:26  Drone  
  39  3:27  Drone  
  43  3:40  Drone x4  
  47  3:46  Zergling x2  
  47  3:48  Zergling x2  
  47  3:49  Queen  
  47  3:51  Lair  
  47  3:53  Zergling x4  
  47  3:54  Zergling x2  
  52  3:56  Drone  
  52  4:01  Drone x3  
  56  4:04  Overlord  
  56  4:08  Drone  
  57  4:16  Zergling x6  
  57  4:20  Extractor  
  57  4:21  Zergling x4, Extractor  
  57  4:23  Drone x3  
  60  4:26  Overlord, Extractor  
  60  4:27  Queen  
  61  4:33  Drone x3  
  61  4:35  Drone  
  61  4:38  Overlord  
  65  4:43  Drone  
  66  4:50  Baneling Nest  
  66  4:51  Drone x5  
  70  4:57  Overlord  
  70  4:58  Drone x3  
  73  5:04  Drone x3  
  76  5:13  Drone x6  
  82  5:19  Overlord  
  82  5:20  Drone  
  82  5:31  Drone x5  
  82  5:35  Centrifical Hooks  
  85  5:37  Spire  
  85  5:42  Zergling x8  
  88  5:47  Extractor  
  88  5:48  Extractor, Zergling x12  
  91  6:01  Drone x3  
  94  6:11  Drone  
  94  6:12  Drone  
  94  6:17  Hatchery  
  94  6:21  Baneling  
  94  6:22  Zergling x6, Baneling x9  
  94  6:24  Overlord x2  
  97  6:28  Baneling x6  
  97  6:30  Baneling x2  
  97  6:36  Baneling  
  97  6:43  Zergling x2  
  97  6:44  Zergling x16  
  104  6:50  Zergling x2  
  104  6:51  Zergling x10  
  101  6:55  Baneling x2  
  101  6:56  Zergling x4  
  95  7:02  Zergling x2  
  95  7:03  Zergling x6  
  95  7:06  Zergling x2  
  84  7:10  Zergling x10  
  72  7:22  Zergling x6  
  59  7:24  Zergling x6  
Show
View Real Time Build Order
Export as new Build Order

Basior Terran - Winner!

Build Orders: MMM Bio, Mass Reaper 

Get SALT Encoding   

  12  0:00  SCV  
  13  0:12  SCV  
  14  0:17  Supply Depot  
  14  0:24  SCV  
  15  0:39  SCV  
  15  0:40  Barracks  
  16  0:44  Refinery  
  16  0:51  SCV  
  17  1:03  SCV  
  18  1:15  SCV  
  19  1:27  Orbital Command  
  19  1:29  Barracks Reactor  
  19  1:39  Command Center  
  19  1:45  Refinery  
  19  1:53  SCV  
  20  1:55  Supply Depot  
  20  2:05  SCV, Reaper x2  
  23  2:16  Barracks  
  23  2:17  SCV  
  24  2:27  Barracks  
  24  2:29  SCV  
  25  2:37  Reaper x2  
  25  2:41  SCV  
  28  2:50  Orbital Command  
  28  2:53  SCV  
  29  3:05  SCV, Reaper  
  30  3:09  Reaper  
  30  3:10  Reaper  
  33  3:17  SCV  
  33  3:18  Reaper  
  33  3:19  SCV  
  36  3:29  Supply Depot  
  36  3:30  SCV  
  36  3:31  SCV  
  38  3:48  Barracks Tech Lab  
  38  3:49  SCV x2  
  38  3:52  Engineering Bay  
  38  3:53  Engineering Bay  
  40  3:56  Barracks Tech Lab  
  40  3:58  Barracks  
  40  4:00  Barracks  
  40  4:01  SCV x2, Marine  
  40  4:02  Marine  
  44  4:06  Supply Depot  
  44  4:13  SCV  
  44  4:17  Marine x2  
  44  4:18  SCV  
  44  4:19  Marine  
  48  4:25  SCV, Marine  
  48  4:26  Combat Shields  
  48  4:27  Stimpack  
  48  4:28  Terran Infantry Weapons Level 1  
  48  4:30  SCV  
  51  4:32  Terran Infantry Armor Level 1  
  51  4:34  Marine  
  52  4:40  SCV  
  52  4:41  Marine  
  52  4:42  Marine  
  52  4:44  Barracks Reactor  
  56  4:50  Barracks Reactor  
  56  4:51  Marine  
  56  4:52  Marine  
  58  4:56  Supply Depot  
  58  4:57  Supply Depot  
  58  4:59  Supply Depot  
  57  5:00  Marine  
  57  5:01  Barracks  
  57  5:05  Marauder  
  60  5:08  Marine  
  61  5:16  SCV  
  61  5:17  Marine  
  61  5:18  SCV, Marauder  
  66  5:26  Marine  
  66  5:28  SCV  
  68  5:29  Marine x2  
  68  5:35  Marine x2  
  71  5:38  Marine x2  
  71  5:39  Marauder  
  71  5:41  Supply Depot  
  71  5:42  Supply Depot  
  76  5:43  Marine  
  76  5:44  Supply Depot  
  76  5:46  Marine  
  76  5:47  Marine  
  79  5:56  Marine x2  
  79  5:57  Marine x2  
  80  6:00  Marine  
  80  6:01  Marine  
  84  6:04  Marine  
  84  6:06  Marine  
  84  6:08  Marine  
  87  6:13  Factory  
  87  6:14  Marine x4  
  87  6:18  Marine  
  91  6:19  Supply Depot  
  91  6:21  Marauder  
  91  6:22  Marine  
  91  6:24  Supply Depot, Marine  
  96  6:26  Marine  
  96  6:32  Marine x4  
  99  6:36  Marine  
  102  6:40  Marine  
  103  6:52  Marauder, Marine x6  
  103  6:54  Marine  
  99  6:58  Marine  
  91  7:10  Marine x6  
  91  7:13  Marine x2  
  89  7:16  Marine  
  85  7:24  Command Center  
  85  7:28  Marine x5  

Tags
 
Add a new tag
Caveats
  • Supply blocks, unpowered buildings, or Contaminate may cause inaccurate times.
  • Supply counts are checked every 10 seconds.